 Dungeon Crawl Stone Soup version 0.31.0-9-g3a7656b989 (webtiles) character file.

Game seed: 16027706200308027308

4 GordonOverkill the Ducker (level 1, -2/17 HPs)
             Began as a Demigod Gladiator on Jan 26, 2024.
             Slain by a ribbon worm (3 damage)
             ... on level 2 of the Dungeon.
             The game lasted 00:00:41 (120 turns).

GordonOverkill the Ducker (Demigod Gladiator)        Turns: 120, Time: 00:00:41

Health: -2/17      AC:  4    Str: 13 (15) XL:     1   Next: 40%
Magic:  3/3        EV: 12    Int:  8 (10) God:
Gold:   14         SH:  0    Dex: 13 (15) Spells: 0/0 levels left

rFire   . . .        f - +0 dagger (elec)
rCold   . . .        (no shield)
rNeg    . . .        b - +0 leather armour
rPois   .            c - +0 helmet
rElec   .            (no cloak)
rCorr   .            (no gloves)
SInv    .            (no boots)
Will    .....        (no amulet)
Stlth   +            (no ring)
HPRegen 0.22/turn    (no ring)
MPRegen 0.08/turn

%: no passive effects
@: attractive
A: high MP 1, forlorn, divine attributes
a: no special abilities


You were on level 2 of the Dungeon.
You visited 1 branch of the dungeon, and saw 2 of its levels.

You collected 14 gold pieces.

Inventory:

Hand Weapons
 f - a +0 dagger of electrocution (weapon)
Missiles
 a - a javelin
 d - 3 throwing nets (quivered)
Armour
 b - a +0 leather armour (worn)
 c - a +0 helmet (worn)
 h - a +0 robe
Potions
 e - a potion of degeneration


   Skills:
 - Level 2.0 Fighting
 - Level 2.6 Staves
 - Level 1.7 Throwing
 - Level 2.6 Dodging
 + Level 0.4 Spellcasting


You couldn't memorise any spells.
You didn't know any spells.
Your spell library was empty.

Dungeon Overview and Level Annotations

Branches:
Dungeon (1/15)


Innate Abilities, Weirdness & Mutations

You have an increased reservoir of magic. (+10% MP)
You shall have no god before yourself.
Your divine heritage dramatically boosts your attributes as you level up.


Message History

The ribbon worm is lightly wounded.
You hit the ribbon worm.
The ribbon worm is moderately wounded.
The ribbon worm expels a string of sticky webbing.
The stream of webbing hits you but does no damage.
You are caught in a web!
Unknown command.
Unknown command.
The web tears apart.
The ribbon worm barely misses you.
You barely miss the ribbon worm.
The ribbon worm is lightly wounded.
The ribbon worm bites you.
* * * LOW HITPOINT WARNING * * *
You hit the ribbon worm but do no damage.
The ribbon worm is lightly wounded.
The ribbon worm barely misses you.
You hit the ribbon worm but do no damage.
You aren't carrying any scrolls.
Unknown command.
It was a potion of degeneration.
There was something very wrong with that liquid.
You feel weakened.
You feel dopey.
You feel clumsy.
e - a potion of degeneration;
a - a javelin The ribbon worm barely misses you.
It was a potion of attraction.
You feel attractive to monsters. The ribbon worm barely misses you.
You hit the ribbon worm.
The ribbon worm is lightly wounded.
The ribbon worm bites you.
* * * LOW HITPOINT WARNING * * *
You completely miss the ribbon worm.
The ribbon worm is lightly wounded.
The ribbon worm barely misses you.
You hit the ribbon worm but do no damage.
The ribbon worm is lightly wounded.
You barely miss the ribbon worm.
The ribbon worm is lightly wounded.
The ribbon worm bites you.
You die...

#.(.. ... # ... #.... .#.##
... #w# #@# #.# #.# #.# . #.#
#...####### #.#
#......†..######.############
##..#..##.....#..##.........#
#..#. #####...###.........#


You could see a ribbon worm.

Vanquished Creatures
  A goblin (D:1)
  2 quokkas
3 creatures vanquished.

Notes
Turn   | Place    | Note
-------+----------+-------------------------------------------
     0 | D:1      | GordonOverkill the Demigod Gladiator began the quest for
                  | the Orb.
     0 | D:1      | Reached XP level 1. HP: 17/17 MP: 3/3
    58 | D:1      | You fall into a shaft and drop 1 floor!
   120 | D:2      | Slain by a ribbon worm

Illustrated notes

Levels and vault maps discovered:
D:1:      minmay_arrival_four_circles, layout_basic
D:2:      layout_rooms, basic_altar, st_stairs_13, minmay_box_of_dots

Skill      XL: |  1 |
---------------+----+-----
Fighting       | 2 |  2.0
Staves         | |  2.6
Throwing       | |  1.7
Dodging        | |  2.6
Spellcasting   | |  0.4

Action                     || total
---------------------------++-------
  Melee: Dagger            ||    18
         Quarterstaff      ||    10
    Use: Potion            ||     2
 Armour: Leather armour    ||    15
  Dodge: Dodged            ||    15
